 Dungeon Crawl Stone Soup version 0.29-a0-414-g5075937ec3 (webtiles) character file.

Game seed: 14430359341257619367

70 jlumianski the Skirmisher (level 4, -2/35 HPs)
             Began as a Demonspawn Fighter on May 16, 2022.
             Slain by Natasha (8 damage)
             ... on level 2 of the Dungeon.
             The game lasted 00:03:46 (1200 turns).

jlumianski the Skirmisher (Demonspawn Fighter)      Turns: 1200, Time: 00:03:46

Health: -2/35      AC:  6    Str: 18    XL:     4   Next: 3%
Magic:  4/4        EV:  9    Int:  9    God:
Gold:   87         SH:  4    Dex: 13    Spells: 3/3 levels left

rFire   . . .      SeeInvis .   a - +0 war axe
rCold   . . .      Faith    .   c - +0 buckler
rNeg    . . .      Spirit   .   b - +0 scale mail
rPois   .          Reflect  .   (no helmet)
rElec   .          Harm     .   (no cloak)
rCorr   .          Rampage  .   (no gloves)
Will    .....                   (no boots)
Stlth   ..........              (no amulet)
HPRegen 0.11/turn               (no ring)
MPRegen 0.09/turn               (no ring)

@: mighty, slowed, very slow
A: spiny 1, demonic touch 1
a: no special abilities


You were on level 2 of the Dungeon.
You visited 1 branch of the dungeon, and saw 2 of its levels.

You collected 87 gold pieces.

Inventory:

Hand Weapons
 a - a +0 war axe (weapon)
Missiles
 g - 61 stones (quivered)
 h - 6 atropa-tipped darts
Armour
 b - a +0 scale mail (worn)
 c - a +0 buckler (worn)
Scrolls
 f - 3 scrolls of identify {unknown}
 j - a scroll of magic mapping {unknown}
 k - a scroll of vulnerability {unknown}
Potions
 e - a potion of ambrosia {unknown}
 i - a potion of cancellation {unknown}


   Skills:
 + Level 3.5 Fighting
 + Level 2.8 Axes
 + Level 3.1 Armour
 + Level 0.1 Dodging
 + Level 3.0 Shields


You had 3 spell levels left.
You didn't know any spells.
Your spell library was empty.

Dungeon Overview and Level Annotations

Branches:
Dungeon (2/15)

Altars:

Shops:
D:1 !

Annotations:
D:2 Natasha


Innate Abilities, Weirdness & Mutations

You are partially covered in sharp spines.
Your touch may inflict minor irresistible damage on your foes.


Message History

The endoplasm freezes you.
You are frozen.
You slash the endoplasm!
You kill the endoplasm!
Found a stone staircase leading up.
Found a stone staircase leading down.
There is a stone staircase leading up here.
There is a stone staircase leading down here.
Natasha, Servant of Life and Death comes into view.
Natasha hisses angrily.
Natasha casts a spell at you. The magic dart hits you.
Natasha casts a spell at you.
You feel yourself slow down.
Natasha stares at you and mumbles some strange words.
You feel as though you will be slow longer.
Natasha is struck by your spines. Natasha claws you.
You closely miss Natasha.
Natasha is lightly wounded.
Natasha claws you. Natasha casts a spell at you. The magic dart hits you!
You barely miss Natasha.
Natasha is lightly wounded.
Natasha misses you. Natasha claws you.
You hit Natasha.
Natasha is moderately wounded.
Natasha is struck by your spines. Natasha claws you.
* * * LOW HITPOINT WARNING * * *
Natasha barely misses you.
You barely miss Natasha.
Natasha is moderately wounded.
Natasha barely misses you. x2
Unknown command.
You feel very mighty all of a sudden. Natasha barely misses you.
You closely miss Natasha.
Natasha is moderately wounded.
Natasha claws you!
You die...

.## ####..♣♣.♣♣...............#
.# # #..♣P.♣♣###.#####.####.#
.##.# #..♣♣.P♣ ##.## #.# #.#
....# #..♣...♣##...####.# ##.##
.#### #..♣♣.♣♣..........###...#
...######..##.####...............
...........##..)......)..####...#
...#####...#####.##.####.# ##.##
.....†.......# #@##.# #.## #...
#..#####...#.# #h##.# #..# ####
..........##.###.##.# ###.#######
#..#......# #...##.###..........
...>.###.## #.#..........#######
.#.### #.# ........#♣♣...# .#..
... .###.####♣♣P...# ...# .## #.
♣P..♣.# ##.# #. ♣..P♣.#


You could see Natasha.

Vanquished Creatures
  Natasha (D:2)
  An adder (D:2)
  2 adder skeletons (D:2)
  3 bats
  7 endoplasms
  A goblin (D:2)
  2 hobgoblins (D:1)
  2 kobolds
  3 ball pythons
  3 frilled lizards
  A giant cockroach zombie (D:2)
  A jackal skeleton (D:2)
  A quokka simulacrum (D:2)
  2 rats (D:1)
30 creatures vanquished.

Vanquished Creatures (others)
  19 withered plants (D:2)
19 creatures vanquished.

Grand Total: 49 creatures vanquished

Notes
Turn   | Place    | Note
-------+----------+-------------------------------------------
     0 | D:1      | jlumianski the Demonspawn Fighter began the quest for the
                  | Orb.
     0 | D:1      | Reached XP level 1. HP: 18/18 MP: 1/1
     2 | D:1      | Found Judiapn's Distillery.
   263 | D:1      | Gained mutation: You are partially covered in sharp spines.
                  | [demonic ancestry]
   263 | D:1      | Reached XP level 2. HP: 20/24 MP: 2/2
   660 | D:2      | Reached XP level 3. HP: 14/29 MP: 3/3
   916 | D:2      | Noticed Natasha
   935 | D:2      | Killed Natasha
  1015 | D:2      | Discovered your monstrous ancestry.
  1015 | D:2      | Gained mutation: Your touch may inflict minor irresistible
                  | damage on your foes. [demonic ancestry]
  1015 | D:2      | Reached XP level 4. HP: 29/35 MP: 4/4
  1188 | D:2      | Noticed Natasha
  1200 | D:2      | Slain by Natasha

Illustrated notes

Levels and vault maps discovered:
D:1:      scummos_arrival_simple_crosswalls, layout_basic, serial_shops,
          shop_statue
D:2:      layout_loops_ring, serial_forest, infiniplex_forest_lined_4_way,
          infiniplex_forest_end_2, infiniplex_forest_lined_2,
          infiniplex_forest_straight_3, infiniplex_forest_straight_4,
          infiniplex_forest_clump_medium, dilly_guarded_unrand_morg

Skill      XL: |  1  2  3 |
---------------+----------+-----
Axes           | 2 |  2.8
Armour         | 3 |  3.1
Shields        | 3 |  3.0
Fighting       | |  3.5
Dodging        | |  0.1

Action                   |  1- 3 |  4- 6 || total
-------------------------+-------+-------++-------
Melee: War axe           |    54 |     8 ||    62
  Use: Potion            |       |     1 ||     1
Armor: Scale mail        |    19 |     1 ||    20
Dodge: Dodged            |    28 |     5 ||    33
Block: Buckler           |     6 |     1 ||     7

Table legend: (Time is in decaauts)
 A = Elapsed time spent in this place.
 B = Non-inter-level travel time spent in this place.
 C = Inter-level travel time spent in this place.
 D = Time resting spent in this place.
 E = Time spent auto-exploring this place.
 F = Levels seen in this place.
 G = Mean time per level.
                   A        B        C        D        E       F      G
               +--------+--------+--------+--------+--------+-----+--------+
         Total |   1235 |   1235 |      0 |      0 |    840 |   2 |  617.5 |
       Dungeon |   1235 |   1235 |      0 |      0 |    840 |   2 |  617.5 |
               +--------+--------+--------+--------+--------+-----+--------+

Top non-repeatable levels by time:
     D:2: 670 daAuts
     D:1: 565 daAuts
